[Event "Titled Tuesday Blitz August 08 Early 2023"]
[White "Chor, Kevin"]
[Black "Radzhabov, Rodion"]
[WhiteFideId "2090740"]
[BlackFideId "884715"]
[WhiteElo "2515"]
[BlackElo "2621"]
[Result "0-1"]
[Round "8"]
[TimeControl "180+1"]
[Date "2023.08.08"]
[WhiteClock "0:00:03"]
[BlackClock "0:00:06"]
[Board "104"]

1. e4 c5 2. Nf3 e6 3. d4 cxd4 4. Nxd4 Nf6 5. Nc3 Nc6 6. Be2 Bb4 7. O-O O-O 8. Qd3 d5 9. exd5 exd5 10. Bg5 Be6 11. Bf3 Ne5 12. Qe2 Bxc3 13. bxc3 Nxf3+ 14. Qxf3 h6 15. Bh4 g5 16. Bg3 Ne4 17. Rad1 Qd7 18. Qh5 Kh7 19. f3 Nf6 20. Nxe6 Nxh5 21. Nxf8+ Rxf8 22. Be5 Qe6 23. Bd4 Re8 24. Bxa7 Nf4 25. Bf2 h5 26. Kh1 h4 27. Rfe1 Qd7 28. Rf1 h3 29. g3 Ne2 30. c4 Qf5 31. Bb6 d4 32. Rde1 Qxc2 0-1


[Site "https://www.chess.com"]

[Event "Titled Tuesday Blitz August 08 Early 2023"]
[White "Gamayev, Oleg"]
[Black "Shubenkova, Veronika"]
[WhiteFideId "2802813"]
[BlackFideId "44124040"]
[WhiteElo "2612"]
[BlackElo "2513"]
[Result "0-1"]
[Round "8"]
[TimeControl "180+1"]
[Date "2023.08.08"]
[WhiteClock "0:00:57"]
[BlackClock "0:01:43"]
[Board "105"]

1. d3 d5 2. e4 e6 3. Nf3 Nf6 4. Nbd2 Be7 5. Be2 c5 6. O-O Nc6 7. c3 b5 8. exd5 exd5 9. Re1 O-O 10. Nf1 Bb7 11. Ng3 d4 12. Bg5 b4 13. c4 h6 14. Bf4 Qd7 15. Qd2 Bd6 16. Bxh6 gxh6 17. Qxh6 Bxg3 18. Qg5+ Kh7 19. hxg3 Ng4 20. Nh4 Rg8 21. Qh5+ Nh6 22. Bf3 Na5 23. Qxc5 Bxf3 24. Nxf3 Nc6 25. Re4 Rg6 26. Rae1 Rd8 27. Rh4 Kg7 28. Rh5 Re8 29. Rxe8 Qxe8 30. Nxd4 Qe1+ 31. Kh2 Ng4+ 32. Kh3 Qh1# 0-1


[Site "https://www.chess.com"]

[Event "Titled Tuesday Blitz August 08 Early 2023"]
[White "Glavina, Pablo"]
[Black "Zarnicki, Pablo"]
[WhiteFideId "100234"]
[BlackFideId "100137"]
[WhiteElo "2512"]
[BlackElo "2612"]
[Result "1-0"]
[Round "8"]
[TimeControl "180+1"]
[Date "2023.08.08"]
[WhiteClock "0:00:59"]
[BlackClock "0:00:00"]
[Board "106"]

1. c4 Nf6 2. Nc3 g6 3. g3 Bg7 4. Bg2 O-O 5. d4 d6 6. Nf3 Nbd7 7. O-O e5 8. e4 exd4 9. Nxd4 Re8 10. Qc2 Nc5 11. Rd1 Bd7 12. h3 h6 13. Be3 Qc8 14. Kh2 Re5 15. g4 Bxg4 16. hxg4 Nxg4+ 17. Kg1 Nxe3 18. fxe3 h5 19. Rf1 Rg5 20. Nd5 Qh3 21. Rf3 Qh4 22. Raf1 Nxe4 23. Rf4 Qg3 24. Qxe4 Be5 25. Ne2 Qh3 26. Rxf7 Qh2+ 27. Kf2 Kxf7 28. Rh1 Rxg2+ 29. Qxg2 Qxg2+ 30. Kxg2 c6 31. Rf1+ Kg7 32. Nc7 Rc8 33. Ne6+ Kg8 34. N2f4 Re8 35. Ng5 Bxb2 36. Nxg6 Rxe3 37. Rf7 Bg7 38. Rxb7 h4 39. Ne7+ Kf8 40. Nf5 Re5 41. Rf7+ Ke8 42. Nxg7+ Kd8 43. N5e6+ Kc8 44. Rc7+ Kb8 45. Rxc6 Re2+ 46. Kh3 Rxa2 47. Rxd6 Rc2 48. c5 a5 49. Ra6 Kb7 50. Rxa5 Kc6 51. Ra6+ Kd5 52. Kxh4 Rc4+ 53. Kg5 Ke5 54. Ra1 Rc2 55. Re1+ Kd5 56. Nf5 Rg2+ 57. Kf6 Rf2 58. Re5+ Kc6 59. Nd4+ Kc7 60. c6 Rh2 61. Re7+ Kb6 62. c7 Kb7 63. Nd6+ Kb6 64. c8=Q Rh6+ 65. Kg5 Rxd6 66. Qc6+ Rxc6 67. Nxc6 Kxc6 68. Re5 1-0


[Site "https://www.chess.com"]

[Event "Titled Tuesday Blitz August 08 Early 2023"]
[White "NovoselovRoman"]
[Black "Hnydiuk, Aleksander"]
[BlackFideId "1109057"]
[WhiteElo "2611"]
[BlackElo "2499"]
[Result "0-1"]
[Round "8"]
[TimeControl "180+1"]
[Date "2023.08.08"]
[WhiteClock "0:00:01"]
[BlackClock "0:00:04"]
[Board "107"]

1. e4 e5 2. Nf3 Nc6 3. Bc4 Bc5 4. Nc3 Nf6 5. d3 d6 6. Bg5 h6 7. Bh4 Be6 8. Qd2 g5 9. Nxg5 hxg5 10. Bxg5 Bxc4 11. dxc4 Qe7 12. Nd5 Nxe4 13. Bxe7 Nxd2 14. Bf6 O-O 15. Kxd2 Nb4 16. Ne7+ Kh7 17. Rae1 Nc6 18. Nd5 Rg8 19. g3 Rg4 20. b3 Nb4 21. Nxc7 Rc8 22. Nb5 Rg6 23. Bh4 Nxa2 24. Ra1 a6 25. Rxa2 axb5 26. cxb5 Bb4+ 27. Ke2 d5 28. Rc1 Bc3 29. Ra7 Rb6 30. g4 Rxb5 31. Bg3 Kg6 32. h4 f6 33. h5+ Kg5 34. f3 Bb2 35. Rd1 Rxc2+ 36. Rd2 Rxd2+ 37. Kxd2 Rxb3 38. Kc2 Rxf3 39. Be1 Bd4 40. Rxb7 Kxg4 41. h6 Rh3 42. Rg7+ Kf5 43. h7 Rh2+ 44. Kd1 Be3 45. Bb4 Bg5 46. Be7 d4 47. Bb4 e4 48. Rd7 d3 49. Bf8 Rh1# 0-1


[Site "https://www.chess.com"]

[Event "Titled Tuesday Blitz August 08 Early 2023"]
[White "Jovic, Stanoje"]
[Black "Aslanov, Umid"]
[WhiteFideId "905020"]
[BlackFideId "13412620"]
[WhiteElo "2495"]
[BlackElo "2588"]
[Result "0-1"]
[Round "8"]
[TimeControl "180+1"]
[Date "2023.08.08"]
[WhiteClock "0:00:00"]
[BlackClock "0:00:06"]
[Board "108"]

1. c4 e6 2. g3 d5 3. Bg2 Nf6 4. Nf3 dxc4 5. O-O c5 6. Na3 Nc6 7. Nxc4 Be7 8. b3 O-O 9. Bb2 a6 10. Rc1 b5 11. Nce5 Bb7 12. Nxc6 Bxc6 13. Qc2 h6 14. Ng5 Bxg2 15. Bxf6 hxg5 16. Bxe7 Qxe7 17. Kxg2 Rac8 18. Qe4 Rfd8 19. d3 Rd5 20. Rc2 Rc6 21. Rfc1 Qc7 22. b4 Re5 23. Qf3 c4 24. dxc4 bxc4 25. a3 a5 26. b5 Rxb5 27. Qg4 Qb7 28. f3 Rb2 29. Qxg5 Rxc2 30. Rxc2 Qc7 31. Rc3 a4 32. h4 Rb6 33. h5 Rb3 34. Qe3 Rxc3 35. Qxc3 Qc5 36. g4 Qb5 37. Qd4 Qd5 38. Qc3 f6 39. h6 Kh7 40. hxg7 Kxg7 41. Kf2 Qc5+ 42. e3 e5 43. Kg3 Kf7 44. Qc2 Ke6 45. Qf5+ Ke7 46. Qh7+ Kd6 0-1


[Site "https://www.chess.com"]

[Event "Titled Tuesday Blitz August 08 Early 2023"]
[White "SmirnovAlexandrA"]
[Black "Khamdamova, Afruza"]
[BlackFideId "14210444"]
[WhiteElo "2584"]
[BlackElo "2481"]
[Result "1-0"]
[Round "8"]
[TimeControl "180+1"]
[Date "2023.08.08"]
[WhiteClock "0:00:52"]
[BlackClock "0:00:03"]
[Board "109"]

1. e4 e5 2. d4 exd4 3. Qxd4 Nc6 4. Qe3 Nf6 5. Nc3 Bb4 6. Bd2 d6 7. O-O-O O-O 8. Qg3 Kh8 9. h4 Be6 10. f3 Ne5 11. h5 h6 12. Nge2 Nc4 13. a3 Bc5 14. Bf4 c6 15. Nd4 Qb6 16. Bxc4 Bxc4 17. Na4 Qa5 18. Nxc5 dxc5 19. Nf5 Rg8 20. Rd6 Be6 21. Ne7 Rge8 22. Ng6+ fxg6 23. hxg6 Ng8 24. Be5 c4 25. Qg5 Qc7 26. Rxh6+ Nxh6 27. Qxh6+ Kg8 28. Qh7+ Kf8 29. Qh8+ Bg8 30. Bxg7+ Qxg7 31. Rf6+ 1-0


[Site "https://www.chess.com"]

[Event "Titled Tuesday Blitz August 08 Early 2023"]
[White "Shuvalov, Evgenij"]
[Black "Borgaonkar Akshay"]
[WhiteFideId "4187237"]
[BlackFideId "25639110"]
[WhiteElo "2480"]
[BlackElo "2581"]
[Result "0-1"]
[Round "8"]
[TimeControl "180+1"]
[Date "2023.08.08"]
[WhiteClock "0:00:15"]
[BlackClock "0:00:11"]
[Board "110"]

1. d4 Nf6 2. c4 g6 3. Nc3 Bg7 4. e4 O-O 5. Nf3 d6 6. Be2 e5 7. O-O Nc6 8. d5 Ne7 9. Ne1 Nd7 10. f3 f5 11. g4 f4 12. h4 a5 13. Rf2 Nc5 14. Rh2 c6 15. Nd3 Nxd3 16. Bxd3 c5 17. Bc2 Bd7 18. Ba4 Nc8 19. Bxd7 Qxd7 20. Nb5 Na7 21. a4 Nxb5 22. axb5 b6 23. b3 Bf6 24. Bd2 Qd8 25. Qe1 Kf7 26. Bc3 Ke8 27. Kf1 Kd7 28. Ke2 Kc7 29. Kd3 Kb7 30. h5 g5 31. Rha2 Qc7 32. Ra4 Rfb8 33. R1a2 Kc8 34. Qa1 Kd7 35. b4 cxb4 36. Bxb4 Rc8 37. Ba3 Ke8 38. h6 Kf7 39. Qh1 Kg8 40. Rc2 Qd7 41. Qh5 Be7 42. Bb2 Qe8 43. Qh2 Qg6 44. Bc3 Bf8 45. Be1 Qxh6 46. Qg1 Qh3 47. Ke2 Rab8 48. Bf2 Be7 49. Bxb6 h5 50. Ba7 Rxb5 51. gxh5 Qxh5 52. Bf2 Rb3 53. Qg4 Qxg4 54. fxg4 f3+ 55. Kd2 Bd8 56. Rc3 Rb2+ 57. Rc2 Rcb8 58. c5 dxc5 59. Bxc5 Rxc2+ 60. Kxc2 Rc8 61. Rc4 f2 62. Bxf2 Rxc4+ 63. Kd3 Rc8 64. Be3 a4 65. Bd2 a3 66. Bc3 a2 67. Bxe5 Kf7 68. Bb2 Rb8 69. Kc2 Bc7 70. e5 Rb4 71. e6+ Ke8 72. Kc3 Rxg4 73. Kb3 Be5 74. Bxe5 Re4 75. Bf6 g4 76. Kxa2 g3 77. d6 Rxe6 78. Bd4 g2 79. Kb3 Kd7 80. Bc5 Re1 81. Kc2 g1=Q 82. Bxg1 Rxg1 83. Kd2 Rg2+ 84. Ke3 Rg6 85. Kf3 Rxd6 86. Kf4 Re6 87. Kf5 Ke7 88. Kf4 Kf7 89. Kg4 Re5 0-1


[Site "https://www.chess.com"]

[Event "Titled Tuesday Blitz August 08 Early 2023"]
[White "Shvedova, Alexandra"]
[Black "slidingknight2775"]
[WhiteFideId "54154782"]
[WhiteElo "2562"]
[BlackElo "2467"]
[Result "1/2-1/2"]
[Round "8"]
[TimeControl "180+1"]
[Date "2023.08.08"]
[WhiteClock "0:01:09"]
[BlackClock "0:00:07"]
[Board "111"]

1. Nf3 d5 2. d4 Nf6 3. g3 e6 4. Bg2 Be7 5. O-O O-O 6. c4 dxc4 7. Ne5 Nc6 8. Nxc6 bxc6 9. Bxc6 Rb8 10. e3 Bb7 11. Bxb7 Rxb7 12. Qc2 Qd5 13. Nc3 Qh5 14. Qe2 Qxe2 15. Nxe2 c5 16. Rd1 Rc8 17. dxc5 Bxc5 18. Rb1 h6 19. Bd2 Ne4 20. Ba5 Rcb8 21. Nc3 Nxc3 22. Bxc3 Bb4 23. Be5 Rc8 24. Rbc1 Rb5 25. Bd4 e5 26. Bc3 Bxc3 27. bxc3 Rb2 28. Rd5 Rxa2 29. Rxe5 a5 30. Rd1 a4 31. Rd7 Rc2 32. Ree7 Rf8 33. Ra7 Rxc3 34. Rxa4 Rc1+ 35. Kg2 Rc8 36. Raa7 Rf8 37. Rac7 c3 38. Rc4 Rd8 39. Rcc7 Rf8 40. Rc4 Rd8 41. Rcc7 Rf8 1/2-1/2


[Site "https://www.chess.com"]

[Event "Titled Tuesday Blitz August 08 Early 2023"]
[White "Santos Flores, Alberto"]
[Black "Toktomushev, Teimur"]
[WhiteFideId "3601234"]
[BlackFideId "14176726"]
[WhiteElo "2559"]
[BlackElo "2428"]
[Result "1-0"]
[Round "8"]
[TimeControl "180+1"]
[Date "2023.08.08"]
[WhiteClock "0:00:37"]
[BlackClock "0:00:00"]
[Board "112"]

1. e4 c5 2. Nf3 e6 3. g3 d5 4. exd5 exd5 5. d4 cxd4 6. Nxd4 Nc6 7. Bg2 Bc5 8. c3 Nxd4 9. cxd4 Qe7+ 10. Be3 Bb4+ 11. Nc3 Nf6 12. O-O O-O 13. Nxd5 Nxd5 14. Bxd5 Bh3 15. Bg2 Bxg2 16. Kxg2 Rfd8 17. Qf3 Rac8 18. Rac1 h6 19. h4 Ba5 20. Rfd1 Bb6 21. Rxc8 Rxc8 22. Qg4 Rd8 23. Bxh6 f5 24. Qg5 Qxg5 25. Bxg5 Rxd4 26. Rxd4 Bxd4 27. b3 a6 28. Be3 Be5 29. h5 Kh7 30. f3 g6 31. g4 fxg4 32. fxg4 gxh5 33. gxh5 b5 34. Kf3 a5 35. Ke4 Bg7 36. Kd5 a4 37. b4 Bc3 38. Kc5 1-0


[Site "https://www.chess.com"]

[Event "Titled Tuesday Blitz August 08 Early 2023"]
[White "Deng, Henry"]
[Black "Legenia, Artem"]
[WhiteFideId "30965454"]
[BlackFideId "14136945"]
[WhiteElo "2556"]
[BlackElo "2404"]
[Result "1-0"]
[Round "8"]
[TimeControl "180+1"]
[Date "2023.08.08"]
[WhiteClock "0:01:56"]
[BlackClock "0:02:19"]
[Board "113"]

1. e4 c5 2. Nc3 Nc6 3. Bb5 Nd4 4. Nf3 Nxb5 5. Nxb5 a6 6. Nc3 d6 7. d4 cxd4 8. Qxd4 e6 9. O-O Nf6 10. Bg5 Be7 11. Rad1 O-O 12. Bxf6 Bxf6 13. Qxd6 Qa5 14. e5 Rd8 15. b4 Rxd6 16. bxa5 Rxd1 17. Rxd1 Be7 18. Na4 g6 19. Nb6 Rb8 20. c3 Kf8 21. Rd7 Bxd7 22. Nxd7+ Ke8 23. Nxb8 Kd8 24. Kf1 Kc8 25. Nxa6 bxa6 26. Ke2 Kc7 27. Kd3 Kc6 28. Kc4 Bc5 29. Nd4+ 1-0


[Site "https://www.chess.com"]

[Event "Titled Tuesday Blitz August 08 Early 2023"]
[White "Veiga, Jose Francisco R P Neves"]
[Black "Der_Balak_3Halak"]
[WhiteFideId "1930087"]
[WhiteElo "2552"]
[BlackElo "2379"]
[Result "1-0"]
[Round "8"]
[TimeControl "180+1"]
[Date "2023.08.08"]
[WhiteClock "0:01:24"]
[BlackClock "0:00:05"]
[Board "114"]

1. e4 e6 2. d4 d5 3. Nd2 Nf6 4. e5 Nfd7 5. Bd3 c5 6. c3 Nc6 7. Ne2 Qb6 8. Nf3 cxd4 9. cxd4 f6 10. exf6 Nxf6 11. O-O Be7 12. Nc3 O-O 13. Bg5 Kh8 14. Bc2 Nd8 15. b3 Nf7 16. Bh4 Bd7 17. Qd3 g6 18. Ne5 Nxe5 19. dxe5 Ng8 20. Bxe7 Nxe7 21. Rae1 Rac8 22. Bb1 d4 23. Ne4 Bb5 24. Qh3 Bxf1 25. Ng5 h5 26. Bxg6 Kg7 27. Qxh5 Rh8 28. Bh7 Rcf8 29. Rxf1 Rf5 30. Qg4 Rxh7 31. Nxh7+ Kxh7 32. Qh4+ Kg8 33. Qxe7 d3 34. Qe8+ Kg7 35. Qd7+ Rf7 36. Qxd3 Qc5 37. Qg3+ Kf8 38. Rd1 Qc7 39. Qg5 Rd7 40. Qf6+ Ke8 41. Qxe6+ Kf8 42. Qxd7 1-0


[Site "https://www.chess.com"]

[Event "Titled Tuesday Blitz August 08 Early 2023"]
[White "Lopez Del Alamo, Antonio"]
[Black "Souleidis, Georgios"]
[WhiteFideId "2227339"]
[BlackFideId "4206827"]
[WhiteElo "2368"]
[BlackElo "2547"]
[Result "1-0"]
[Round "8"]
[TimeControl "180+1"]
[Date "2023.08.08"]
[WhiteClock "0:00:13"]
[BlackClock "0:00:00"]
[Board "115"]

1. e4 c5 2. Nf3 e6 3. d3 d5 4. Nbd2 Nc6 5. g3 g6 6. Bg2 Bg7 7. O-O Nge7 8. Re1 O-O 9. Qe2 a5 10. a4 Nb4 11. Nb1 dxe4 12. dxe4 b6 13. Na3 Ba6 14. Nb5 Qd7 15. Bf4 Bxb5 16. axb5 Bxb2 17. Rad1 Qa7 18. Qc4 Ba3 19. c3 Nc2 20. Re2 Nb4 21. Qb3 Nd3 22. Qxa3 Nxf4 23. gxf4 Rfd8 24. Red2 Rxd2 25. Rxd2 Qc7 26. e5 Nd5 27. Ng5 Rd8 28. Bxd5 exd5 29. Qb3 Qd7 30. Qd1 d4 31. cxd4 cxd4 32. Ne4 Kg7 33. Nd6 Qh3 34. Rxd4 Rb8 35. Rd3 Qh4 36. Qf3 Qe7 37. Qd5 h5 38. f5 Qg5+ 39. Rg3 Qc1+ 40. Kg2 Rf8 41. e6 1-0


[Site "https://www.chess.com"]

[Event "Titled Tuesday Blitz August 08 Early 2023"]
[White "Moral Garcia, Serafin"]
[Black "Ncatt"]
[WhiteFideId "2201925"]
[WhiteElo "2545"]
[BlackElo "2348"]
[Result "1-0"]
[Round "8"]
[TimeControl "180+1"]
[Date "2023.08.08"]
[WhiteClock "0:00:46"]
[BlackClock "0:00:07"]
[Board "116"]

1. c4 c6 2. e4 d5 3. exd5 cxd5 4. d4 Nf6 5. Nc3 Nc6 6. Bg5 e6 7. Nf3 Be7 8. c5 O-O 9. Bb5 Bd7 10. O-O a5 11. a3 Rc8 12. Qa4 h6 13. Bh4 Re8 14. b4 axb4 15. axb4 Ne4 16. Bxe7 Qxe7 17. Qc2 Nxb4 18. Qb3 Nxc3 19. Bxd7 Ne2+ 20. Kh1 Qxd7 21. Qxb4 Nf4 22. Ra7 Rb8 23. Rb1 e5 24. Nxe5 Qf5 25. Rxb7 Qe4 26. Rg1 Ra8 27. f3 Qe2 28. Qe1 Qc2 29. Rxf7 Ra2 30. Rxf4 Rea8 31. h4 Qb2 32. Qg3 Ra1 33. Rf7 Rxg1+ 34. Kxg1 Ra1+ 35. Kh2 g5 36. hxg5 Rh1+ 37. Kxh1 Qa1+ 38. Kh2 h5 39. Qf4 Qxd4 40. Qxd4 h4 41. Qb4 h3 42. Qb8# 1-0


[Site "https://www.chess.com"]

[Event "Titled Tuesday Blitz August 08 Early 2023"]
[White "Jahnz, Fabian"]
[Black "ArtemDyachuk"]
[WhiteFideId "4653300"]
[WhiteElo "2332"]
[BlackElo "2539"]
[Result "1/2-1/2"]
[Round "8"]
[TimeControl "180+1"]
[Date "2023.08.08"]
[WhiteClock "0:00:34"]
[BlackClock "0:01:19"]
[Board "117"]

1. e4 c6 2. Nf3 d5 3. Nc3 dxe4 4. Nxe4 Nd7 5. Qe2 e6 6. g3 Be7 7. Bg2 Ngf6 8. Nxf6+ Nxf6 9. O-O O-O 10. d4 c5 11. c3 Qb6 12. a4 Bd7 13. a5 Qb5 14. Qxb5 Bxb5 15. Re1 Ba6 16. Be3 Rac8 17. h3 Rfd8 18. Rad1 Nd5 19. dxc5 Nxe3 20. Rxd8+ Rxd8 21. Rxe3 Bxc5 22. Re1 Kf8 23. b4 Be7 24. Nd4 Bf6 25. b5 Bxd4 26. bxa6 Bxc3 27. Rc1 Bd2 28. Rc7 bxa6 29. Rxa7 Bxa5 30. Rxa6 Bc3 31. Ra8 Rxa8 32. Bxa8 Ke7 33. Bf3 Bd4 34. Kg2 h6 35. Be4 Kd6 36. f4 Kc5 37. Kf3 Bf6 38. Bc2 Kd4 39. g4 Be7 40. Bb1 Kc3 41. Be4 Kd2 42. Bc6 Ke1 43. Be8 f6 44. Bf7 e5 45. fxe5 fxe5 46. Ke4 Bf6 47. h4 Bxh4 48. Kxe5 Bf6+ 49. Kf5 Kf2 50. Bh5 Kg3 51. Bg6 Kh4 52. Bh5 Bc3 53. Bg6 Bb2 54. Bh5 Bc1 55. Bg6 Bg5 56. Bh5 Bc1 57. Bg6 Bg5 58. Bh5 Kg3 59. Bg6 Kf3 60. Bh5 Ke3 61. Bg6 Kd3 62. Bh5 Kd4 63. Bg6 Kd5 64. Bh5 Kd4 65. Bg6 Kd5 66. Bh5 Kd4 1/2-1/2


[Site "https://www.chess.com"]

[Event "Titled Tuesday Blitz August 08 Early 2023"]
[White "Berezin, Viktor"]
[Black "Preobrazhenska_D2011"]
[WhiteFideId "14107872"]
[WhiteElo "2529"]
[BlackElo "2274"]
[Result "0-1"]
[Round "8"]
[TimeControl "180+1"]
[Date "2023.08.08"]
[WhiteClock "0:00:05"]
[BlackClock "0:00:17"]
[Board "118"]

1. d4 Nf6 2. Nf3 b6 3. g3 e6 4. Bg2 d5 5. O-O Be7 6. c4 c6 7. b3 O-O 8. Bb2 Bb7 9. Qc2 c5 10. cxd5 exd5 11. Nc3 Nc6 12. Rad1 cxd4 13. Nxd4 Nxd4 14. Rxd4 Bc5 15. Rh4 h6 16. Rd1 Qc7 17. e3 Rad8 18. Nb5 Qe7 19. Nd4 Bxd4 20. Bxd4 Ne4 21. Rg4 g6 22. Qb2 h5 23. Bh8 f6 24. Rxg6+ Kxh8 25. Qe2 Qh7 26. Bxe4 dxe4 27. Rxd8 Rxd8 28. Rxf6 Rc8 29. Kg2 h4 30. Rf4 h3+ 0-1


[Site "https://www.chess.com"]

[Event "Titled Tuesday Blitz August 08 Early 2023"]
[White "Palczert, Matyas"]
[Black "Tharushi, T H D Niklesha"]
[WhiteFideId "784958"]
[BlackFideId "9918264"]
[WhiteElo "2525"]
[BlackElo "2086"]
[Result "1-0"]
[Round "8"]
[TimeControl "180+1"]
[Date "2023.08.08"]
[WhiteClock "0:02:45"]
[BlackClock "0:02:06"]
[Board "119"]

1. e4 c5 2. Nf3 d6 3. d4 cxd4 4. Nxd4 Nf6 5. Nc3 g6 6. Be3 Bg7 7. f3 O-O 8. Qd2 Nc6 9. O-O-O d5 10. Kb1 Nxd4 11. e5 Ne8 12. Bxd4 b6 13. h4 h5 14. g4 hxg4 15. h5 Bf5 16. h6 Bh8 17. h7+ Kg7 18. Qh6# 1-0


[Site "https://www.chess.com"]

[Event "Titled Tuesday Blitz August 08 Early 2023"]
[White "Vaibhav, Suri"]
[Black "Mishra, Manoj"]
[WhiteFideId "5045185"]
[BlackFideId "5006007"]
[WhiteElo "2719"]
[BlackElo "2244"]
[Result "1-0"]
[Round "8"]
[TimeControl "180+1"]
[Date "2023.08.08"]
[WhiteClock "0:00:54"]
[BlackClock "0:00:17"]
[Board "120"]

1. d4 Nf6 2. Nc3 d5 3. Bf4 Bf5 4. e3 a6 5. Be2 h6 6. g4 Bh7 7. h4 e6 8. g5 Ne4 9. gxh6 gxh6 10. Bd3 c5 11. Bxe4 dxe4 12. d5 Rg8 13. Nge2 Nd7 14. dxe6 fxe6 15. Qd2 Qb6 16. O-O-O O-O-O 17. Na4 Qc6 18. Qa5 e5 19. Bxe5 b5 20. Rxd7 Rxd7 21. Nb6+ Kb7 22. Nxd7 Qxd7 23. Rd1 Qc6 24. Qd8 Bg7 25. Rd7+ Qxd7 26. Qxd7+ Kb6 27. Qc7# 1-0


[Site "https://www.chess.com"]

[Event "Titled Tuesday Blitz August 08 Early 2023"]
[White "Agibileg, Uurtsaikh"]
[Black "Bueno, Alfeu Junior Varela"]
[WhiteFideId "4901606"]
[BlackFideId "2108879"]
[WhiteElo "2660"]
[BlackElo "2407"]
[Result "1-0"]
[Round "8"]
[TimeControl "180+1"]
[Date "2023.08.08"]
[WhiteClock "0:00:56"]
[BlackClock "0:00:06"]
[Board "121"]

1. d4 e6 2. c4 f5 3. g3 Nf6 4. Bg2 Be7 5. Nf3 O-O 6. O-O d6 7. b3 Nc6 8. Bb2 Qe8 9. Nc3 a6 10. Re1 Qh5 11. e4 f4 12. gxf4 Qg4 13. Bc1 Nh5 14. h3 Qg6 15. d5 Nd8 16. f5 exf5 17. exf5 Qf7 18. Nd4 Bf6 19. Ne4 Bxd4 20. Qxd4 Qxf5 21. Ng5 Nf6 22. Re7 h6 23. Be4 Qe5 24. Rxe5 dxe5 25. Qxe5 hxg5 26. Bg6 Nf7 27. Qxc7 Bxh3 28. Bb2 Rae8 29. Bxf6 gxf6 30. Qxb7 Re2 31. c5 Ne5 32. Qh7# 1-0


[Site "https://www.chess.com"]

[Event "Titled Tuesday Blitz August 08 Early 2023"]
[White "Avazkhonov, Alikhon"]
[Black "Godzwon, Iwo"]
[WhiteFideId "14208504"]
[BlackFideId "21802483"]
[WhiteElo "2403"]
[BlackElo "2658"]
[Result "0-1"]
[Round "8"]
[TimeControl "180+1"]
[Date "2023.08.08"]
[WhiteClock "0:00:17"]
[BlackClock "0:01:14"]
[Board "122"]

1. d4 d5 2. Nc3 Nf6 3. Bf4 e6 4. Nb5 Na6 5. e3 c6 6. Nc3 Nc7 7. Qf3 Bd6 8. Bd3 Qe7 9. Nge2 e5 10. dxe5 Bxe5 11. Bxe5 Qxe5 12. Qg3 Qxg3 13. hxg3 h6 14. f3 Ne6 15. Kf2 Nc5 16. g4 Be6 17. Nf4 Ke7 18. b4 Ncd7 19. Nce2 a5 20. a3 Ne5 21. Nd4 Rhc8 22. Bf5 Bxf5 23. Nxf5+ Kf8 24. bxa5 Rxa5 25. g5 Ng8 26. gxh6 Nxh6 27. Nxh6 gxh6 28. Rxh6 Ke7 29. Nd3 Nc4 30. Rb1 Rc7 31. Nc5 Rxc5 0-1


[Site "https://www.chess.com"]

[Event "Titled Tuesday Blitz August 08 Early 2023"]
[White "Dishman, Stephen"]
[Black "Hua, Lefong"]
[WhiteFideId "403024"]
[BlackFideId "2602253"]
[WhiteElo "2399"]
[BlackElo "2639"]
[Result "0-1"]
[Round "8"]
[TimeControl "180+1"]
[Date "2023.08.08"]
[WhiteClock "0:00:00"]
[BlackClock "0:00:04"]
[Board "123"]

1. c4 Nf6 2. g3 g6 3. Bg2 Bg7 4. Nf3 O-O 5. O-O d6 6. d4 Nc6 7. Nc3 a6 8. d5 Na5 9. b3 c5 10. dxc6 Nxc6 11. Bb2 Rb8 12. Qd2 b5 13. cxb5 axb5 14. e3 Qb6 15. Nd4 Nxd4 16. exd4 b4 17. Nd5 Nxd5 18. Bxd5 e6 19. Bf3 Bb7 20. Bxb7 Qxb7 21. Rac1 Ra8 22. Ba1 Rfc8 23. Rxc8+ Rxc8 24. Rc1 Rxc1+ 25. Qxc1 Qa6 26. Qc2 h5 27. h4 Kh7 28. Kg2 Qb7+ 29. f3 Qd5 30. Qe4 Qb5 31. g4 hxg4 32. fxg4 Qa6 33. Qc2 Qb7+ 34. Kg3 Qd5 35. h5 Bxd4 36. hxg6+ fxg6 37. Bxd4 Qxd4 38. Qc7+ Kh6 39. Qe7 Qe3+ 40. Kg2 Qe4+ 41. Kg3 Qe5+ 42. Kg2 d5 43. Qh4+ Kg7 44. Qe7+ Kg8 45. Qe8+ Kh7 46. Qe7+ Qg7 47. Qxe6 d4 48. Qd6 Qb7+ 49. Kg3 Qe4 50. Qd7+ Kh6 51. Qd8 Qe3+ 52. Kg2 Qe2+ 53. Kg3 Qe3+ 54. Kg2 d3 55. Qh4+ Kg7 56. Qd8 Qe2+ 57. Kg3 Qe3+ 58. Kh4 g5+ 59. Kh5 d2 60. Qd7+ Kf6 61. Qd6+ Kf7 62. Qd7+ Kf8 63. Qd6+ Ke8 64. Qc6+ Kd8 65. Qd6+ Ke8 66. Qc6+ Ke7 67. Qc7+ Ke6 68. Qc6+ Ke5 69. Qc7+ Ke4 70. Qc6+ Kf4 71. Qd6+ Kf3 72. Qd5+ Kf2 73. Qf7+ Qf3 0-1


[Site "https://www.chess.com"]

[Event "Titled Tuesday Blitz August 08 Early 2023"]
[White "Herman, Daniel"]
[Black "Golubev, Mikhail"]
[WhiteFideId "30935008"]
[BlackFideId "14100983"]
[WhiteElo "2398"]
[BlackElo "2638"]
[Result "1/2-1/2"]
[Round "8"]
[TimeControl "180+1"]
[Date "2023.08.08"]
[WhiteClock "0:00:08"]
[BlackClock "0:00:03"]
[Board "124"]

1. c4 g6 2. d4 Bg7 3. e4 d6 4. Nc3 Nc6 5. Nge2 Nf6 6. f3 O-O 7. Be3 a6 8. Nc1 e5 9. d5 Nd4 10. Nb3 Nxb3 11. axb3 c5 12. Qd2 Nh5 13. g4 Nf4 14. h4 f5 15. gxf5 gxf5 16. O-O-O b5 17. cxb5 axb5 18. Bxb5 fxe4 19. fxe4 Bg4 20. Rdf1 h5 21. Kc2 Ra7 22. b4 Qb8 23. bxc5 Rb7 24. c6 Rxb5 25. Nxb5 Qxb5 26. Kb1 Be2 27. Rc1 Bd3+ 28. Rc2 Rb8 29. Kc1 Bxc2 30. Qxc2 Nd3+ 31. Kd2 Nxb2 32. Rb1 Nc4+ 33. Qxc4 Qxc4 34. Rxb8+ Kh7 35. Rb7 Qa2+ 36. Ke1 Qa5+ 37. Kf2 Qa2+ 38. Kf3 Qc2 39. c7 Qd1+ 40. Kf2 Qc2+ 41. Kf3 Qc4 42. Bg5 Qd3+ 43. Be3 Qf1+ 44. Bf2 Qd1+ 45. Kg2 Qg4+ 46. Kf1 Qd1+ 47. Kg2 Qg4+ 48. Kf1 Qd1+ 49. Kg2 1/2-1/2


[Site "https://www.chess.com"]

[Event "Titled Tuesday Blitz August 08 Early 2023"]
[White "Goh, Wei Ming Kevin"]
[Black "Ventura Bolet, Maxim"]
[WhiteFideId "5800706"]
[BlackFideId "22238824"]
[WhiteElo "2632"]
[BlackElo "2398"]
[Result "1-0"]
[Round "8"]
[TimeControl "180+1"]
[Date "2023.08.08"]
[WhiteClock "0:01:27"]
[BlackClock "0:00:00"]
[Board "125"]

1. e4 Nf6 2. e5 Nd5 3. c4 Nb6 4. d4 d6 5. exd6 cxd6 6. Nc3 g6 7. h3 Bg7 8. Nf3 O-O 9. Be2 Nc6 10. O-O Bf5 11. d5 Na5 12. Nd4 Bd7 13. b3 Rc8 14. Bg5 Qe8 15. Re1 e5 16. dxe6 Bxe6 17. Bf3 Qd7 18. Rc1 Nc6 19. Ndb5 Ne5 20. Ne4 d5 21. Nf6+ Bxf6 22. Bxf6 Nxf3+ 23. Qxf3 dxc4 24. Nc3 Nd5 25. Rcd1 Rc5 26. Ne4 Ra5 27. Bc3 f5 28. Bxa5 fxe4 29. Qxe4 cxb3 30. Qxe6+ Qxe6 31. Rxe6 bxa2 32. Ree1 Nf4 33. Bc3 Rf5 34. Rd7 1-0


[Site "https://www.chess.com"]

[Event "Titled Tuesday Blitz August 08 Early 2023"]
[White "Tologon tegin, Semetei"]
[Black "Chudnovsky, Jacob"]
[WhiteFideId "13800574"]
[BlackFideId "2010046"]
[WhiteElo "2615"]
[BlackElo "2395"]
[Result "1-0"]
[Round "8"]
[TimeControl "180+1"]
[Date "2023.08.08"]
[WhiteClock "0:01:00"]
[BlackClock "0:00:00"]
[Board "126"]

1. e4 e5 2. Nf3 Nc6 3. Bb5 a6 4. Ba4 Nf6 5. d3 b5 6. Bb3 Be7 7. O-O O-O 8. h3 d5 9. exd5 Nxd5 10. Re1 Qd6 11. Bd2 Nf4 12. Nc3 Qg6 13. Bxf4 exf4 14. Kh1 Bb7 15. Bd5 Bb4 16. Ne5 Nxe5 17. Bxb7 Bxc3 18. bxc3 Rab8 19. Be4 Qg5 20. a4 Rbe8 21. axb5 axb5 22. Ra5 c6 23. c4 f5 24. Bf3 Nxf3 25. Rxe8 Rxe8 26. Qxf3 bxc4 27. Qxc6 Re1+ 28. Kh2 h5 29. Qxc4+ Kh7 30. Ra8 Qf6 31. Qxf4 h4 32. Ra5 g6 33. Ra7+ Re7 34. Qe3 Qd6+ 35. f4 1-0


[Site "https://www.chess.com"]